 Dungeon Crawl Stone Soup version 0.31-a0-851-g7ff8af7976 (webtiles) character file.

Game seed: 2648034032660369917

108 Kurtz the Sneak (level 4, -7/35 HPs)
             Began as a Mummy Delver on Oct 6, 2023.
             Mangled by an iguana (10 damage)
             ... on level 3 of the Dungeon.
             The game lasted 00:03:30 (1778 turns).

Kurtz the Sneak (Mummy Delver)                      Turns: 1778, Time: 00:03:30

Health: -7/35      AC:  7    Str: 15    XL:     4   Next: 58%
Magic:  4/4        EV:  9    Int:  9    God:
Gold:   72         SH:  0    Dex: 15    Spells: 3/3 levels left

rFire   x . .        m - +0 war axe
rCold   + . .        (no shield)
rNeg    + + +        k - +0 scale mail
rPois   ∞            (no helmet)
rElec   .            l - +0 cloak
rCorr   .            (no gloves)
SInv    .            (no boots)
Will    .....        (no amulet)
Stlth   +            (no ring)
HPRegen 0.25/turn    (no ring)
MPRegen 0.09/turn

%: faith
@: no status effects
A: cold resistance 1, negative energy resistance 3, torment resistance 2, heat
vulnerability 1, in touch with death 1, no potions, faith
a: no special abilities


You were on level 3 of the Dungeon.
You visited 1 branch of the dungeon, and saw 5 of its levels.

You collected 72 gold pieces.

Inventory:

Hand Weapons
 a - a +0 hand axe
 m - a +0 war axe (weapon)
Armour
 b - a +0 leather armour
 k - a +0 scale mail (worn)
 l - a +0 cloak (worn)
Wands
 f - a wand of digging (3)
Scrolls
 c - a scroll of fog
 d - a scroll of revelation
 e - a scroll of fear
 g - a scroll of enchant armour {unknown}
 h - a scroll of enchant weapon {unknown}
 i - 3 scrolls of identify {unknown}
 j - a scroll of amnesia {unknown}


   Skills:
 - Level 3.0 Fighting
 * Level 4.0 Axes
 - Level 1.5 Dodging
 - Level 4.1 Stealth


You had 3 spell levels left.
You didn't know any spells.
Your spell library contained the following spells:

 Spells                   Type           Power      Damage    Failure   Level
 Kiss of Death            Conj/Necr      0%         2d5       86%         1
 Sandblast                Erth           0%         2d4       86%         1
 Passwall                 Tmut/Erth      0%         N/A       95%         2
 Confusing Touch          Hex            0%         N/A       99%         3
 Stone Arrow              Conj/Erth      0%         3d7       99%         3
 Brom's Barrelling Bould  Conj/Erth      0%         2d3       100%        4
 Dispel Undead            Necr           0%         3d6       100%        4


Dungeon Overview and Level Annotations

Branches:
Dungeon (5/15)
 Temple: D:4-7

Altars:
Fedhas
Gozag
Hepliaklqana
Sif Muna
Trog
Wu Jian

Shops:
D:5 :

Annotations:
D:2 Terence
D:3 exclusions: downstairs and upstairs, Sigmund


Innate Abilities, Weirdness & Mutations

You are immune to poison.
Your flesh is cold resistant. (rC+)
You are immune to negative energy. (rN+++)
You are immune to unholy pain and torment.
You are vulnerable to heat. (rF-)
You are in touch with the powers of death.
You do not drink.
You have a special connection with the divine. (Faith)


Message History

[a stone staircase leading down.]
Things that are here:
a +0 hand axe; a +0 dagger
There is a stone staircase leading down here.
You climb downwards.
The iguana hisses angrily.
The orc shouts!
The orc wizard shouts!
The orc shouts!
The iguana closely misses you.
There is a stone staircase leading up here.
The iguana barely misses you.
You climb upwards.
Level annotation: exclusions: downstairs and upstairs, Sigmund
There is a stone staircase leading down here.
You hit the iguana but do no damage. The iguana bites you.
The iguana misses you.
You closely miss the iguana.
The iguana bites you but does no damage.
You hit the iguana but do no damage. The iguana bites you!
You hit the iguana.
The iguana is moderately wounded.
The iguana closely misses you.
You slash the iguana!
The iguana is severely wounded.
The iguana bites you!
The iguana bites you but does no damage.
You are too injured to fight recklessly!
You are too injured to fight recklessly!
You hit the iguana.
The iguana is severely wounded.
The iguana bites you but does no damage.
You are too injured to fight recklessly!
You hit the iguana but do no damage.
The iguana is severely wounded.
The iguana bites you!
* * * LOW HITPOINT WARNING * * *
You are too injured to fight recklessly!
You closely miss the iguana.
The iguana is severely wounded.
The iguana barely misses you. The iguana bites you!
You die...

#############
#.....##....#
#####.###.##....#
#.......#.##....#
#####l#.#.##....#
#@#.#.......#
#.#.####.####
#.#.####.#
#.#.#....#
#.#.#.####
#.#.#.######
#...#.#..!.#
#####.#....#
#.#....#


You could see an iguana.

Vanquished Creatures
  Natasha (D:3)
  An adder (D:3)
  A white imp (D:5)
  2 dart slugs (D:1)
  An orc (D:3)
  7 endoplasms
  7 giant cockroaches
  6 goblins
  2 hobgoblins
  4 kobolds
  4 quokkas (D:1)
  6 ball pythons
  6 bats
  6 frilled lizards (D:1)
  6 rats
60 creatures vanquished.

Notes
Turn   | Place    | Note
-------+----------+-------------------------------------------
     0 | D:5      | Kurtz the Mummy Delver began the quest for the Orb.
     0 | D:5      | Reached XP level 1. HP: 18/18 MP: 1/1
    27 | D:5      | Found an opulent altar of Gozag.
    57 | D:5      | Found Jist's Book Shoppe.
   161 | D:4      | Found a bloodstained altar of Trog.
   172 | D:3      | Reached XP level 2. HP: 23/24 MP: 2/2
   413 | D:3      | Reached XP level 3. HP: 29/29 MP: 3/3
   468 | D:2      | Noticed Terence
   555 | D:3      | Found an ornate altar of the Wu Jian Council.
   555 | D:3      | Found a shimmering blue altar of Sif Muna.
   594 | D:3      | Noticed Sigmund
  1304 | D:1      | Reached XP level 4. HP: 31/35 MP: 4/4
  1640 | D:3      | Found a blossoming altar of Fedhas.
  1663 | D:3      | Found a hazy altar of Hepliaklqana.
  1663 | D:3      | Noticed Natasha
  1670 | D:3      | Killed Natasha
  1778 | D:3      | Mangled by an iguana

Illustrated notes

Levels and vault maps discovered:
D:1:      minmay_arrival_four_circles, layout_basic, minmay_octomino_c4
D:2:      layout_rooms, uniq_terence
D:3:      layout_basic, lemuel_tele_altar,
          chequers_temple_overflow_statue_of_worship, fedhas_altar_2,
          shapermc_ecumenical_altar_flowoftime, uniq_sigmund, uniq_natasha
D:4:      layout_cave_pools, mainiacjoe_overflow_tiny_flanked, serial_shops,
          shop, uniq_ijyb
D:5:      layout_loops_corners, mainiacjoe_overflow_cross_hatched, serial_shops,
          nicolae_inconvenience_store, nicolae_diamond_shop, shop, minmay_holes,
          hangedman_feature_mirror

Skill      XL: |  1  2  3  4 |
---------------+-------------+-----
Axes           | 2 3 4 |  4.0
Fighting       | |  3.0
Dodging        | |  1.5
Stealth        | |  4.1

Action                     |  1- 3 |  4- 6 || total
---------------------------+-------+-------++-------
  Melee: Hand axe          |   163 |       ||   163
         Punch             |     3 |       ||     3
         War axe           |       |    39 ||    39
   Stab: Sleeping          |     4 |       ||     4
 Armour: Leather armour    |    89 |       ||    89
         Scale mail        |    12 |    35 ||    47
  Dodge: Dodged            |   106 |    31 ||   137

Table legend: (Time is in decaauts)
 A = Elapsed time spent in this place.
 B = Non-inter-level travel time spent in this place.
 C = Inter-level travel time spent in this place.
 D = Time resting spent in this place.
 E = Time spent auto-exploring this place.
 F = Levels seen in this place.
 G = Mean time per level.
                   A        B        C        D        E       F      G
               +--------+--------+--------+--------+--------+-----+--------+
         Total |   1816 |   1687 |    129 |    229 |    757 |   5 |  363.2 |
       Dungeon |   1816 |   1687 |    129 |    229 |    757 |   5 |  363.2 |
               +--------+--------+--------+--------+--------+-----+--------+

Top non-repeatable levels by time:
     D:1: 959 daAuts
     D:3: 647 daAuts
     D:5: 158 daAuts
     D:2: 31 daAuts
     D:4: 18 daAuts
